[ AOE2 MATCH · #470891740 ]
UnrankedPersians vs Slavs
[ REPLAY ANALYSIS · EXTRACTED FROM THE RECORDED GAME ]
Feudal
—
Castle
—
Imperial
—
| APM avg | 26.5 |
| APM peak | 41 |
| eAPM avg | 8.5 |
| Villagers / military | 18 / 0 |
Focus
⚔️ 2.1% · 🌾 97.9%
Feudal
—
Castle
—
Imperial
—
| APM avg | 14.2 |
| APM peak | 25 |
| eAPM avg | 8.4 |
| Villagers / military | 12 / 0 |
Focus
⚔️ 0.0% · 🌾 100.0%
Feudal
—
Castle
—
Imperial
—
| APM avg | 15.8 |
| APM peak | 29 |
| eAPM avg | 7.4 |
| Villagers / military | 16 / 0 |
Focus
⚔️ 0.0% · 🌾 100.0%
Feudal
—
Castle
—
Imperial
—
| APM avg | 24.3 |
| APM peak | 50 |
| eAPM avg | 9.3 |
| Villagers / military | 22 / 0 |
Focus
⚔️ 4.3% · 🌾 95.7%
Match map
Initial resources + every placement click. Lines = walls · curves = elevation contours. ◆ gold · ⬟ stone · ● berries · ✦ relic · ◌ wall gap
Your base
son_goku's base
Totoya's base
hasaan.sadique2210's base
Smoothed initial terrain · ◌ = detected wall gap · hover for details
Inputs per minute
— Zthonk - - son_goku
Build order — Zthonk
23 actions detected in the replay
| 0:02 | Create | Villager (Male) |
| 0:02 | Create | Villager (Male) |
| 0:03 | Build | House |
| 0:05 | Build | House |
| 0:09 | Create | Villager (Male) |
| 0:10 | Create | Villager (Male) |
| 0:10 | Create | Villager (Male) |
| 0:10 | Create | Villager (Male) |
| 1:32 | Create | Villager (Male) |
| 2:09 | Build | Lumber Camp |
| 2:25 | Create | Villager (Male) |
| 2:28 | Create | Villager (Male) |
| 3:05 | Create | Villager (Male) |
| 3:25 | Build | House |
| 3:53 | Create | Villager (Male) |
| 4:03 | Create | Villager (Male) |
| 4:03 | Create | Villager (Male) |
| 4:52 | Create | Villager (Male) |
| 5:02 | Build | Mill |
| 5:28 | Create | Villager (Male) |
| 5:48 | Create | Villager (Male) |
| 6:11 | Create | Villager (Male) |
| 6:18 | Create | Villager (Male) |
Build order — son_goku
17 actions detected in the replay
| 0:03 | Build | House |
| 0:05 | Build | House |
| 0:06 | Research | Loom |
| 0:06 | Create | Villager (Male) |
| 0:06 | Create | Villager (Male) |
| 0:06 | Create | Villager (Male) |
| 0:06 | Create | Villager (Male) |
| 0:06 | Create | Villager (Male) |
| 1:39 | Create | Villager (Male) |
| 2:40 | Create | Villager (Male) |
| 2:40 | Create | Villager (Male) |
| 2:40 | Create | Villager (Male) |
| 2:48 | Build | Lumber Camp |
| 3:29 | Create | Villager (Male) |
| 3:57 | Build | House |
| 4:02 | Create | Villager (Male) |
| 4:02 | Create | Villager (Male) |
Build order — Totoya
20 actions detected in the replay
| 0:01 | Create | Villager (Male) |
| 0:02 | Create | Villager (Male) |
| 0:02 | Create | Villager (Male) |
| 0:02 | Create | Villager (Male) |
| 0:03 | Build | House |
| 0:04 | Build | House |
| 0:09 | Build | House |
| 1:37 | Create | Villager (Male) |
| 1:38 | Create | Villager (Male) |
| 2:10 | Create | Villager (Male) |
| 2:33 | Create | Villager (Male) |
| 3:08 | Create | Villager (Male) |
| 3:08 | Create | Villager (Male) |
| 3:09 | Create | Villager (Male) |
| 3:45 | Build | Settlement |
| 4:05 | Create | Villager (Male) |
| 4:05 | Create | Villager (Male) |
| 5:06 | Create | Villager (Male) |
| 5:06 | Create | Villager (Male) |
| 5:57 | Create | Villager (Male) |
Build order — hasaan.sadique2210
22 actions detected in the replay
| 0:01 | Create | Villager (Male) ×4 |
| 0:01 | Create | Villager (Male) ×4 |
| 0:02 | Build | House |
| 0:04 | Build | House |
| 1:25 | Create | Villager (Male) |
| 2:09 | Create | Villager (Male) |
| 2:14 | Build | Lumber Camp |
| 2:27 | Create | Villager (Male) |
| 2:27 | Create | Villager (Male) |
| 3:01 | Create | Villager (Male) |
| 3:01 | Create | Villager (Male) |
| 3:06 | Build | House |
| 3:23 | Create | Villager (Male) |
| 3:24 | Create | Villager (Male) |
| 3:45 | Create | Villager (Male) |
| 3:45 | Create | Villager (Male) |
| 4:04 | Build | Mill |
| 4:08 | Create | Villager (Male) |
| 4:08 | Create | Villager (Male) |
| 4:24 | Build | House |
| 4:39 | Create | Villager (Male) |
| 4:39 | Create | Villager (Male) |
Match timeline
| 5:58 | son_goku · resign |
[ AI ANALYSIS · 1 CREDIT ]
What really happened in this match?
Wolo.gg analyzes every decision: build order, eco, micro, common mistakes by bracket. Personalized analysis on WhatsApp or Discord in 30 seconds.
Civ guide
Persians
Perfil
Jugador #2852227